 Dungeon Crawl Stone Soup version 0.26-a0-652-gafc20e3620 (webtiles) character file.

Game seed: 4703224082901090583

520 grandjackal the Digger (level 7, -2/42 HPs)
             Began as a Gargoyle Earth Elementalist on Oct 2, 2020.
             Slain by an orc warrior
             ... wielding a +0 battleaxe
              (6 damage)
             ... on level 3 of the Dungeon.
             The game lasted 00:06:22 (4033 turns).

grandjackal the Digger (GrEE)                       Turns: 4033, Time: 00:06:22

Health: -2/42      AC:  7    Str: 11    XL:     7   Next: 21%
Magic:  1/11       EV: 12    Int: 18    God:
Gold:   166        SH:  0    Dex: 10    Spells: 4/12 levels left

rFire    . . .     SeeInvis .   h - +2 dagger (freeze)
rCold    . . .     Faith    .   (no shield)
rNeg     + . .     Spirit   .   c - +0 robe
rPois    ∞         Reflect  .   t - +0 helmet
rElec    +         Harm     .   (no cloak)
rCorr    +         Rampage  .   (no gloves)
MR       .....                  (no boots)
Stlth    +++.......             (no amulet)
HPRegen  0.14/turn              k - ring of resist corrosion
MPRegen  0.12/turn              v - ring of stealth

@: no status effects
A: negative energy resistance 1, electricity resistance, unbreathing,
petrification resistance, rot immunity, AC +4
a: no special abilities


You were on level 3 of the Dungeon.
You visited 1 branch of the dungeon, and saw 4 of its levels.

You collected 166 gold pieces.

Inventory:

Hand Weapons
 d - a +0 short sword
 h - a +2 dagger of freezing (weapon)
Missiles
 b - 94 stones (quivered)
Armour
 c - a +0 robe (worn)
 l - a +0 kite shield
 r - a +2 ring mail of magic resistance
 t - a +0 helmet (worn)
Jewellery
 k - a ring of resist corrosion (left hand)
 v - a ring of stealth (right hand)
Wands
 u - a wand of flame (24)
Scrolls
 f - 3 scrolls of teleportation {unknown}
 g - a scroll of immolation {unknown}
 i - a scroll of remove curse {unknown}
 j - 2 scrolls of blinking {unknown}
 q - 2 scrolls of identify {unknown}
Potions
 a - a potion of cancellation {unknown}
 e - 2 potions of heal wounds
 m - a potion of magic {unknown}
 n - a potion of invisibility {unknown}
 o - 2 potions of resistance {unknown}
 p - a potion of mutation {unknown}
 s - a potion of stabbing {unknown}


   Skills:
 + Level 3.9 Fighting
 - Level 1.5 Dodging
 - Level 2.1 Stealth
 + Level 2.1 Shields
 - Level 3.2 Spellcasting
 + Level 3.4 Conjurations
 - Level 0.7 Transmutations
 + Level 5.7 Earth Magic


You had 4 spell levels left.
You knew the following spells:

 Your Spells              Type           Power        Failure   Level
a - Sandblast             Erth           ###...       1%          1
b - Stone Arrow           Conj/Erth      ###...       7%          3
c - Petrify               Tmut/Erth      ##......     38%         4

Your spell library contained the following spells:

 Spells                   Type           Power        Failure   Level
 Passwall                 Tmut/Erth      ##......     6%          2
 Lee's Rapid Deconstruct  Erth           ###.......   38%         5


Dungeon Overview and Level Annotations

Branches:
Dungeon (4/15)
 Temple: D:4-7

Altars:
Ashenzari
Cheibriados
Kikubaaqudgha


Innate Abilities, Weirdness & Mutations

You are resistant to torment.
Your stone body is resilient. (AC +4)
You are immune to poison.
You resist negative energy. (rN+)
You are resistant to electric shocks. (rElec)
You can survive without breathing.
You are immune to petrification.
You are immune to rotting.


Message History

Press: ? - help, Shift-Dir - straight line, f/p - orc warrior
Aim: an orc warrior, wielding a +0 battleaxe and wearing a +0 plate armour (severely wounded)
The blast of sand hits the orc warrior.
The orc warrior is almost dead.
b - 95 stones The orc warrior hits you with a +0 battleaxe.
* * * LOW HITPOINT WARNING * * *
Unknown command.
Casting: Sandblast (safe; 1% risk of failure)
Confirm with . or Enter, or press ? or * to list all spells.
Aiming: Sandblast (safe; 1% risk of failure)
Press: ? - help, Shift-Dir - straight line, f/p - orc warrior
Aim: an orc warrior, wielding a +0 battleaxe and wearing a +0 plate armour (almost dead)
The blast of sand misses the orc warrior.
b - 94 stones Unknown command.
Unknown command.
Unknown command.
The orc warrior hits you with a +0 battleaxe.
You die...

#..# #.# ##..# #..#
#.# #..# ##..#
#.####..# ##...##
#..<....# ####.#...##
######.##
....##..#.## #.#
.......÷##.# #.#
###........########.#
##.###.#......@o..#
##.#.#############
##÷## ###


You could see an orc warrior.

Vanquished Creatures
  Sigmund (D:3)
  A vampire bat (D:2)
  An orc priest (D:3)
  Ijyb (D:3)
  Natasha (thrice) (D:2)
  Robin (D:3)
  4 gnolls (D:2)
  4 adders
  5 dart slugs
  2 leopard geckos (D:2)
  5 orcs (D:3)
  4 ball pythons
  6 bats
  2 bat skeletons (D:2)
  2 bat zombies (D:2)
  5 giant cockroaches
  24 goblins
  16 hobgoblins
  2 jackals (D:3)
  7 kobolds
  A quokka (D:2)
  9 frilled lizards
  12 rats
118 creatures vanquished.

Notes
Turn   | Place    | Note
-------+----------+-------------------------------------------
     0 | D:1      | grandjackal the Gargoyle Earth Elementalist began the quest
                  | for the Orb.
     0 | D:1      | Reached XP level 1. HP: 10/10 MP: 3/3
   197 | D:1      | Reached XP level 2. HP: 16/16 MP: 5/5
   245 | D:1      | Reached skill level 1 in Fighting
   303 | D:1      | Reached skill level 4 in Earth Magic
   990 | D:1      | Reached XP level 3. HP: 17/20 MP: 6/6
  1389 | D:1      | Learned a level 3 spell: Stone Arrow
  1807 | D:2      | Noticed Natasha
  1831 | D:3      | Noticed Sigmund
  1837 | D:3      | Killed Sigmund
  1837 | D:3      | Reached skill level 5 in Earth Magic
  1837 | D:3      | Reached XP level 4. HP: 9/27 MP: 2/8
  1837 | D:3      | Reached XP level 5. HP: 11/32 MP: 2/9
  2044 | D:2      | Killed Natasha
  2143 | D:2      | Reached XP level 6. HP: 33/37 MP: 8/10
  2383 | D:2      | Noticed Natasha
  2392 | D:2      | Killed Natasha
  2392 | D:2      | Reached skill level 1 in Shields
  2550 | D:2      | Found an ancient bone altar of Kikubaaqudgha.
  2633 | D:2      | Noticed Natasha
  2643 | D:2      | Killed Natasha
  2780 | D:2      | Learned a level 4 spell: Petrify
  3089 | D:3      | Noticed Ijyb
  3099 | D:3      | Killed Ijyb
  3099 | D:3      | Reached XP level 7. HP: 30/42 MP: 4/11
  3118 | D:3      | Noticed Robin
  3153 | D:3      | Killed Robin
  3324 | D:3      | Found a snail-covered altar of Cheibriados.
  3347 | D:3      | Found a broken altar of Ashenzari.
  4033 | D:3      | Slain by an orc warrior

Illustrated notes

Levels and vault maps discovered:
D:1:      lightli_arrival_maybe_door_vault, layout_basic
D:2:      layout_rooms, kennysheep_vampire_church, uniq_natasha
D:3:      layout_loops_ring, overflow_temple_1_default, lemuel_statue_altar,
          uniq_robin, uniq_ijyb, uniq_sigmund
D:4:      layout_rooms, gammafunk_temple_overflow_pools, kennysheep_mini_moat,
          nicolae_overflow_hidden_temple, nicolae_gozag_seed_capital,
          uniq_crazy_yiuf_cottage

Skill      XL: |  1  2  3  4  5  6  7 |
---------------+----------------------+-----
Fighting       | 1 2 3 |  3.9
Earth Magic    | 4 5 |  5.7
Spellcasting   | 3 |  3.2
Conjurations   | 2 3 |  3.4
Shields        | 1 2 |  2.1
Dodging        | |  1.5
Stealth        | |  2.1
Transmutations | |  0.7

Action                   |  1- 3 |  4- 6 |  7- 9 || total
-------------------------+-------+-------+-------++-------
Melee: Unarmed           |    18 |       |       ||    18
       Short sword       |    87 |       |       ||    87
       Dagger            |    59 |    90 |   142 ||   291
 Cast: Sandblast         |     6 |    30 |     4 ||    40
       Petrify           |       |       |     6 ||     6
 Stab: Sleeping          |     1 |     2 |     8 ||    11
       Distracted        |       |     1 |       ||     1
       Petrified         |       |       |    22 ||    22
       Petrifying        |       |       |     1 ||     1
Armor: Robe              |    49 |    32 |    43 ||   124
Dodge: Dodged            |   106 |    69 |    54 ||   229

Table legend: (Time is in decaauts)
 A = Elapsed time spent in this place.
 B = Non-inter-level travel time spent in this place.
 C = Inter-level travel time spent in this place.
 D = Time resting spent in this place.
 E = Time spent auto-exploring this place.
 F = Levels seen in this place.
 G = Mean time per level.
                   A        B        C        D        E       F      G
               +--------+--------+--------+--------+--------+-----+--------+
         Total |   4041 |   3953 |     88 |    966 |   1971 |   4 | 1010.2 |
       Dungeon |   4041 |   3953 |     88 |    966 |   1971 |   4 | 1010.2 |
               +--------+--------+--------+--------+--------+-----+--------+

Top non-repeatable levels by time:
     D:1: 1641 daAuts
     D:3: 1440 daAuts
     D:2: 958 daAuts
     D:4: 1 daAuts
